 Dungeon Crawl Stone Soup version 0.17-a0-725-gfa8c127 (webtiles) character file.

9712 nubinia the Thaumaturge (level 11, -5/60 HPs)
             Began as a Deep Elf Earth Elementalist on Apr 20, 2015.
             Was a High Priest of Vehumet.
             Hit by a large rock thrown by a cyclops (32 damage)
             ... on level 11 of the Dungeon.
             The game lasted 01:25:26 (12776 turns).

nubinia the Thaumaturge (DEEE)                     Turns: 12776, Time: 01:25:27

Health: -5/60      AC: 16    Str: 10    XL:     11   Next: 26%
Magic:  26/29      EV: 15    Int: 30    God:    Vehumet [*****.]
Gold:   203        SH:  0    Dex: 18    Spells: 8 memorised, 13 levels left

rFire  + . .     SeeInvis .     a - +10 quarterstaff "Qead" {holy, rElec}
rCold  . . .     Clarity  .     S - +3 leather armour "Vyhuizyt" {rF+ Int+7}
rNeg   . . .     SustAb   .     (no shield)
rPois  +         Gourm    .     y - +2 hat
rElec  +         Spirit   .     (no cloak)
rCorr  .         Warding  .     (no gloves)
rMut   .         Stasis   .     T - +2 pair of boots {Stlth+}
MR     +....                    (no amulet)
Stlth  +++++.....               n - +5 ring of strength
                                i - ring of stealth

@: stone skin, somewhat resistant to hostile enchantments, quite stealthy
A: agile 1, poison resistance
a: Renounce Religion


You were on level 11 of the Dungeon.
You worshipped Vehumet.
Vehumet was extremely pleased with you.
You were not hungry.

You visited 1 branch of the dungeon, and saw 11 of its levels.

You collected 513 gold pieces.
You spent 310 gold pieces at shops.

Inventory:

Hand weapons
 a - the +10 quarterstaff "Qead" (weapon) {holy, rElec}
   (You took it off a kobold on level 5 of the Dungeon)

   It has been blessed by the Shining One to cause great damage to the undead
   and demons.
   It insulates you from electricity.
 f - a +0 dagger
 q - a +3 dagger
 v - a cursed -2 hunting sling
 O - a +2 rapier of venom
Missiles
 b - 267 stones (quivered)
Armour
 e - a +1 pair of boots
 y - a +2 hat (worn)
 H - a +3 leather armour of cold resistance
 S - the +3 leather armour "Vyhuizyt" (worn) {rF+ Int+7}
   (You bought it in a shop on level 11 of the Dungeon)

   It affects your intelligence (+7).
   It protects you from fire.
 T - a +2 pair of boots of stealth (worn)
Jewellery
 i - a ring of stealth (left hand)
 n - a +5 ring of strength (right hand)
 C - the ring "Woarilul" {rElec rC- rN++ MR+}
   (You took it off an orc on level 3 of the Dungeon)

   [ring of protection from magic]

   It makes you vulnerable to cold.
   It insulates you from electricity.
   It greatly protects you from negative energy.
   It affects your resistance to hostile enchantments.
 I - an uncursed ring of positive energy {unknown}
Magical devices
 k - a wand of paralysis (14)
 J - a wand of cold (15)
 N - a wand of random effects (7)
 R - a wand of fireball (7)
Scrolls
 g - 4 scrolls of immolation
 h - 3 scrolls of enchant armour
 p - 6 scrolls of teleportation
 t - 2 scrolls of noise
 w - 2 scrolls of magic mapping
 D - 3 scrolls of identify
 E - a scroll of blinking
 F - a scroll of random uselessness
 L - a scroll of amnesia
 Q - 2 scrolls of remove curse
Potions
 j - a potion of ambrosia
 l - 4 potions of restore abilities
 r - 2 potions of curing
 x - 2 potions of agility
 z - 2 potions of lignification
 A - a potion of haste
 G - a potion of invisibility
 M - a potion of resistance
 P - a potion of might
Books
 d - a book of Geomancy

   Spells                             Type                      Level
   a - Sandblast                      Earth                        1
   b - Stoneskin                      Transmutation/Earth          2
   c - Passwall                       Transmutation/Earth          3
   d - Stone Arrow                    Conjuration/Earth            3
   e - Petrify                        Transmutation/Earth          4
   f - Lee's Rapid Deconstruction     Earth                        5
Comestibles
 m - 3 meat rations
 o - 10 bread rations
 s - a beef jerky
 K - 7 fruits
 U - 6 chunks of flesh


   Skills:
 + Level 3.3 Fighting
 + Level 0.2 Short Blades
 + Level 4.2 Staves
 + Level 3.0 Armour
 + Level 5.6 Dodging
 + Level 5.9 Stealth
 + Level 12.8 Spellcasting
 + Level 7.8 Conjurations
 + Level 3.2 Transmutations
 + Level 1.2 Fire Magic
 + Level 2.6 Air Magic
 + Level 8.6 Earth Magic
 - Level 2.0 Poison Magic
 + Level 0.2 Evocations


You had 13 spell levels left.
You knew the following spells:

 Your Spells              Type           Power        Failure   Level  Hunger
a - Sandblast             Erth           ######       1%          1    None
b - Stone Arrow           Conj/Erth      ######       1%          3    None
c - Mephitic Cloud        Conj/Pois/Air  #####...     1%          3    None
d - Sting                 Conj/Pois      ####         1%          1    None
e - Lee's Rapid Deconstr  Erth           ######....   1%          5    #......
f - Passwall              Trmt/Erth      ######....   1%          3    None
g - Sticky Flame          Conj/Fire      #####...     2%          4    None
s - Stoneskin             Trmt/Erth      ######..     1%          2    None


Dungeon Overview and Level Annotations

Branches:
Dungeon (11/15)            Temple (0/1) D:4             Orc (0/4) D:10
   Lair: D:8-11

Altars:
Ashenzari
Dithmenos
Fedhas
Gozag
Kikubaaqudgha
Makhleb
Qazlal
Ru
Vehumet
Yredelemnul
Zin
The Shining One

Shops:
D:6 ?*}   D:7 (   D:10 [   D:11 *

Annotations:
D:11 Psyche


Innate Abilities, Weirdness & Mutations

You are agile. (Dex +2)
Your system is resistant to poisons.


Message History

Confirm with . or Enter, or press ? or * to list all spells.
Aiming: Sting
Press: ? - help, Shift-Dir - straight line, f/p - orc wizard
Aim: an orc wizard, wielding a dagger and wearing a robe (almost dead, fast, bewildered and confused)
The sting hits the orc wizard.
You kill the orc wizard!
Vehumet accepts your kill.
You feel your power returning.
Psyche hits something with a dagger of chaos.
Psyche is healed.
The cyclops throws a large rock.
The large rock hits you!
You see here a large rock.
The cyclops throws a large rock.
The large rock hits you.
You see here a large rock.
The cyclops throws a large rock.
The large rock hits you!
You see here a large rock.
The warg pauses to sniff the ground.
The cyclops throws a large rock.
The large rock hits you!!
Ouch! That really hurt!
You die...

##.## #....... #..# . . #..#.#..
##.# .#.# #....... #.##
.#.#####....#.. #########..#
.#..........#..
#.......C..##.#.######..)...
#...........#.#.....(#...#..
######...........#.#..#...)...#..
..@)......(..(h(@.♣#..#.#.#.#.#..
################♣.∩.♣...#.#.#.#..
#.♣...#.....#.#..
#[)#)######.#.#..
#................
##.#.######.#.#.# #..|# #.#.#
##..# ###.# ....


You could see a cyclops and a warg.

Vanquished Creatures
  A hydra (D:10)
  4 hill giants
  A centaur skeleton (D:10)
  A spriggan (D:7)
  Sigmund (D:6)
  A wyvern (D:8)
  3 wraiths (D:10)
  Eustachio (D:4)
  5 yaks (D:9)
  A hippogriff (D:8)
  A hungry ghost (D:8)
  Menkaure (D:4)
  4 sky beasts
  An ice beast (D:9)
  5 orc warriors
  A wasp (D:10)
  2 necrophages
  A black bear (D:8)
  3 ogres
  3 phantoms
  5 centaurs
  13 giant frogs
  4 scorpions
  6 wights
  4 hounds
  3 crimson imps
  7 orc priests
  A quasit (D:9)
  5 iguanas
  7 jellies
  8 orc wizards
  A wasp zombie (D:7)
  2 giant frog skeletons (D:7)
  4 worker ants
  2 killer bee zombies
  3 gnolls (D:7)
  10 adders
  A shadow imp (D:7)
  2 worms
  8 giant geckos
  54 orcs
  A ball python (D:1)
  A bat skeleton (D:4)
  3 giant cockroaches
  12 goblins
  12 hobgoblins
  8 jackals
  17 kobolds
  3 quokkas
  19 bats
  A giant gecko skeleton (D:9)
  7 giant newts
  A giant spore (D:11)
  3 quokka skeletons
  A quokka zombie (D:8)
  24 rats
  A ballistomycete (D:11)
305 creatures vanquished.

Vanquished Creatures (collateral kills)
  A yak (D:9)
1 creature vanquished.

Grand Total: 306 creatures vanquished

Notes
Turn   | Place    | Note
--------------------------------------------------------------
     0 | D:1      | nubinia, the Deep Elf Earth Elementalist, began the quest for the Orb.
     0 | D:1      | Reached XP level 1. HP: 10/10 MP: 6/6
   277 | D:1      | Reached XP level 2. HP: 15/15 MP: 4/8
   315 | D:1      | Learned a level 2 spell: Stoneskin
  1100 | D:2      | Reached skill level 4 in Earth Magic
  1333 | D:2      | Reached XP level 3. HP: 16/19 MP: 2/10
  1402 | D:2      | Found a radiant altar of Vehumet.
  1404 | D:2      | Found a sacrificial altar of Ru.
  1404 | D:2      | Found a basalt altar of Yredelemnul.
  1409 | D:2      | Found an opulent altar of Gozag.
  1409 | D:2      | Found a glowing golden altar of the Shining One.
  1409 | D:2      | Found a glowing silver altar of Zin.
  1412 | D:2      | Became a worshipper of Vehumet
  1532 | D:2      | Learned a level 3 spell: Passwall
  1536 | D:2      | Learned a level 3 spell: Stone Arrow
  1676 | D:2      | Found a stormy altar of Qazlal.
  1803 | D:3      | Reached XP level 4. HP: 24/24 MP: 9/12
  2290 | D:3      | Gained mutation: Your system is resistant to poisons. [potion of mutation]
  2290 | D:3      | Gained mutation: You are agile. (Dex +2) [potion of mutation]
  2694 | D:3      | Acquired Vehumet's first power
  2694 | D:3      | Offered knowledge of Sting by Vehumet.
  2697 | D:3      | Learned a level 1 spell: Sting
  3373 | D:3      | Reached skill level 5 in Spellcasting
  3373 | D:3      | Reached skill level 5 in Earth Magic
  3373 | D:3      | Reached XP level 5. HP: 17/28 MP: 4/14
  3635 | D:4      | Found a shadowy altar of Dithmenos.
  3855 | D:4      | Noticed Eustachio
  3877 | D:5      | Entered Level 5 of the Dungeon
  4015 | D:5      | Reached XP level 6. HP: 29/32 MP: 12/16
  4099 | D:5      | Noticed a phantom
  4105 | D:5      | Killed a phantom
  4105 | D:5      | Reached skill level 6 in Spellcasting
  4580 | D:5      | Got an encrusted quarterstaff
  4581 | D:5      | Identified the +10 quarterstaff "Qead" {holy, rElec} (You took it off a kobold on level 5 of the Dungeon)
  4638 | D:4      | Noticed Menkaure
  4682 | D:4      | Reached skill level 1 in Fighting
  4682 | D:4      | Reached skill level 1 in Conjurations
  4696 | D:4      | Offered knowledge of Freeze by Vehumet.
  4808 | D:3      | Noticed a giant frog
  4822 | D:3      | Killed a giant frog
  4822 | D:3      | Reached XP level 7. HP: 20/38 MP: 15/18
  5084 | D:4      | Noticed an ogre
  5090 | D:3      | Got a heavily runed granite ring
  5092 | D:3      | Identified the ring "Woarilul" {rElec rC- rN++ MR+} (You took it off an orc on level 3 of the Dungeon)
  5165 | D:4      | Killed Menkaure
  5224 | D:4      | Reached skill level 7 in Spellcasting
  5467 | D:4      | Found a burning altar of Makhleb.
  5604 | D:4      | Killed an ogre
  5604 | D:4      | Reached skill level 1 in Poison Magic
  5741 | D:4      | Found a staircase to the Ecumenical Temple.
  5770 | D:4      | Killed Eustachio
  6760 | D:6      | Learned a level 5 spell: Lee's Rapid Deconstruction
  6776 | D:6      | Reached XP level 8. HP: 39/43 MP: 17/21
  6859 | D:6      | Noticed Sigmund
  6863 | D:6      | Killed Sigmund
  6863 | D:6      | Reached skill level 1 in Staves
  6863 | D:6      | Reached skill level 1 in Armour
  6863 | D:6      | Reached skill level 8 in Spellcasting
  7187 | D:6      | Found Dosawk's General Store.
  7317 | D:6      | Found Keqerph's Magic Scroll Boutique.
  7535 | D:6      | Found Hovu's Gadget Boutique.
  7770 | D:7      | Offered knowledge of Mephitic Cloud by Vehumet.
  7775 | D:7      | Learned a level 3 spell: Mephitic Cloud
  7894 | D:7      | Reached skill level 5 in Dodging
  8063 | D:7      | Reached skill level 9 in Spellcasting
  8063 | D:7      | Reached XP level 9. HP: 30/48 MP: 16/24
  8205 | D:7      | Found Jedap's Weapon Boutique.
  8408 | D:7      | Acquired Vehumet's second power
  8580 | D:7      | Offered knowledge of Sticky Flame by Vehumet.
  8586 | D:7      | Learned a level 4 spell: Sticky Flame
  9399 | D:8      | Reached skill level 10 in Spellcasting
  9512 | D:8      | Reached skill level 1 in Air Magic
  9586 | D:8      | Found a shattered altar of Ashenzari.
  9677 | D:8      | Reached skill level 5 in Conjurations
 10117 | D:9      | Acquired Vehumet's third power
 10266 | D:9      | Found an ancient bone altar of Kikubaaqudgha.
 10442 | D:9      | Offered knowledge of Dazzling Spray by Vehumet.
 10589 | D:9      | Reached XP level 10. HP: 53/53 MP: 19/26
 10652 | D:9      | Reached skill level 5 in Stealth
 10670 | D:9      | Reached skill level 11 in Spellcasting
 10778 | D:9      | Reached skill level 1 in Fire Magic
 10876 | D:9      | Found a blossoming altar of Fedhas.
 11046 | D:10     | Entered Level 10 of the Dungeon
 11071 | D:10     | Noticed a hill giant
 11083 | D:10     | Killed a hill giant
 11154 | D:10     | Offered knowledge of Lightning Bolt by Vehumet.
 11254 | D:10     | Found Isunanom's Armour Shop.
 11380 | D:10     | Noticed a hill giant
 11390 | D:10     | Killed a hill giant
 11471 | D:10     | Reached skill level 12 in Spellcasting
 11945 | D:10     | Noticed a five-headed hydra
 11952 | D:10     | Killed a five-headed hydra
 11952 | D:10     | Reached XP level 11. HP: 60/60 MP: 18/29
 12072 | D:10     | Found a staircase to the Orcish Mines.
 12186 | D:10     | Noticed a hill giant
 12198 | D:10     | Killed a hill giant
 12502 | D:11     | Noticed a hill giant
 12515 | D:11     | Killed a hill giant
 12641 | D:11     | Found Galedau's Assorted Antiques.
 12647 | D:11     | Bought a blackened leather armour for 189 gold pieces
 12647 | D:11     | Bought a pair of glowing boots for 121 gold pieces
 12680 | D:11     | Identified the +3 leather armour "Vyhuizyt" {rF+ Int+7} (You bought it in a shop on level 11 of the Dungeon)
 12723 | D:11     | Noticed a hill giant
 12764 | D:11     | Noticed Psyche
 12776 | D:11     | Hit by a large rock thrown by a cyclops

Action                   |  1- 3 |  4- 6 |  7- 9 | 10-12 || total
-------------------------+-------+-------+-------+-------++-------
Melee: Dagger            |    11 |    53 |       |       ||    64
       Quarterstaff      |       |    13 |   135 |    95 ||   243
 Cast: Sandblast         |    80 |    78 |    35 |     4 ||   197
       Stoneskin         |     1 |    13 |    22 |     2 ||    38
       Sting             |       |    29 |   139 |   100 ||   268
       Stone Arrow       |       |     6 |    27 |    57 ||    90
       Mephitic Cloud    |       |       |    22 |    30 ||    52
       Sticky Flame      |       |       |     7 |     7 ||    14
Evoke: Wand              |       |       |       |     3 ||     3
  Use: Potion            |     2 |     1 |     2 |       ||     5
       Scroll            |       |     7 |    12 |       ||    19
 Stab: Sleeping          |     1 |     4 |     5 |     1 ||    11
       Distracted        |       |       |     2 |       ||     2
       Confused          |       |       |     1 |     3 ||     4
  Eat: Chunk             |     3 |     8 |    19 |     7 ||    37
       Fruit             |       |       |     1 |       ||     1
